 Dungeon Crawl Stone Soup version 0.27-a0-1189-gb8eb6cee8e (webtiles) character file.

Game seed: 16530636045324353535

219 armax the Shield-Bearer (level 5, -4/49 HPs)
             Began as a Deep Dwarf Fighter on May 22, 2021.
             Was a Follower of Makhleb.
             Slain by Sigmund
             ... wielding a +0 scythe
              (5 damage)
             ... on level 4 of the Dungeon.
             The game lasted 00:01:32 (1118 turns).

armax the Shield-Bearer (Deep Dwarf Fighter)        Turns: 1118, Time: 00:01:32

Health: -4/49      AC:  8    Str: 21    XL:     5   Next: 63%
Magic:  2/2        EV:  7    Int:  8    God:    Makhleb [*.....]
Gold:   128        SH: 10    Dex: 12    Spells: 4/4 levels left

rFire    . . .     SeeInvis .   a - +0 war axe
rCold    . . .     Faith    .   c - +0 kite shield
rNeg     . . .     Spirit   .   b - +0 scale mail
rPois    .         Reflect  .   (no helmet)
rElec    .         Harm     .   f - +0 cloak
rCorr    .         Rampage  .   (no gloves)
Will     .....                  (no boots)
Stlth    ..........             (no amulet)
HPRegen  0.00/turn              (no ring)
MPRegen  0.08/turn              (no ring)

@: mighty
A: damage resistance, heal wounds, sense surroundings 1, no regeneration
a: Heal Wounds, Renounce Religion


You were on level 4 of the Dungeon.
You worshipped Makhleb.
Makhleb was aware of your devotion.
You visited 1 branch of the dungeon, and saw 4 of its levels.

You collected 128 gold pieces.

Inventory:

Hand Weapons
 a - a +0 war axe (weapon)
Armour
 b - a +0 scale mail (worn)
 c - a +0 kite shield (worn)
 f - a +0 cloak (worn)
Scrolls
 e - 6 scrolls of identify {unknown}
 j - a scroll of amnesia {unknown}
 k - a scroll of vulnerability {unknown}
 l - a scroll of noise {unknown}
 m - a scroll of teleportation {unknown}
Potions
 g - 2 potions of curing {unknown}
 h - a potion of heal wounds {unknown}
 i - a potion of degeneration {unknown}


   Skills:
 + Level 3.4 Fighting
 * Level 4.0 Axes
 + Level 4.1 Armour
 * Level 4.8 Shields
 + Level 0.7 Invocations


You had 4 spell levels left.
You didn't know any spells.
Your spell library was empty.

Dungeon Overview and Level Annotations

Branches:
Dungeon (4/15)
 Temple: D:4-7

Altars:
Makhleb

Annotations:
D:4 Sigmund


Innate Abilities, Weirdness & Mutations

You are resistant to damage.
You can heal yourself by infusing magical energy.
You passively map a small area around you.
You do not regenerate.


Message History

Something hits you. The gnoll hits you with a +0 flail.
You block the gnoll shaman's attack. The gnoll barely misses you.
You hit the gnoll. You barely miss the gnoll shaman.
You block something's attack. You block the gnoll's attack.
The gnoll shaman calls upon its god to heal the gnoll.
The gnoll is healed somewhat.
The gnoll hits you from afar with a +0 halberd.
Something hits you.
You hit the gnoll. You closely miss the gnoll shaman.
The gnoll hits you with a +0 flail!
The gnoll shaman calls upon its god to heal the gnoll.
The gnoll's wounds heal themselves!
The gnoll hits you from afar with a +0 halberd.
Something hits you but does no damage. The gnoll hits you with a +0 flail!
* * * LOW HITPOINT WARNING * * *
The gnoll shaman hits you with a +0 whip.
* * * LOW HITPOINT WARNING * * *
You block the gnoll's attack.
You are too injured to fight recklessly!
You are too injured to fight recklessly!
You are too injured to fight recklessly!
You are too injured to fight recklessly!
You are too injured to fight recklessly!
You are too injured to fight recklessly!
You are too injured to fight recklessly!
You are too injured to fight recklessly!
You are too injured to fight recklessly!
Unknown command.
You fail to use your ability.
Something hits you but does no damage. The gnoll closely misses you.
The gnoll shaman hits you with a +0 whip.
You block the gnoll's attack.
Your magical essence is drained by the effort!
You feel much better. Something hits you. The gnoll hits you with a +0 flail!
The gnoll shaman calls upon its god to speed up the gnoll.
The gnoll seems to speed up.
You block the gnoll's attack.
Your magical essence is drained by the effort!
You feel much better. The gnoll hits you with a +0 flail.
You block something's attack.
The gnoll shaman hits you with a +0 whip.
You block the gnoll's attack.
You feel very mighty all of a sudden. You block the gnoll's attack.
Something completely misses you. You block the gnoll's attack.
The gnoll shaman hits you with a +0 whip.
You block the gnoll's attack.
You slash the gnoll shaman! You hit the gnoll.
The gnoll hits you with a +0 flail. Something hits you.
The gnoll closely misses you.
The gnoll shaman hits you with a +0 whip.
The gnoll closely misses you. Something hits you.
You barely miss the gnoll shaman. You slash the gnoll!
The gnoll closely misses you.
The gnoll shaman hits you with a +0 whip!
You block the gnoll's attack. x2; Something hits you.
The gnoll shaman calls upon its god to heal the gnoll.
The gnoll is healed somewhat.
The gnoll closely misses you. The gnoll barely misses you.
You slash the gnoll shaman!
You kill the gnoll shaman!
Makhleb accepts your kill.
You hit the gnoll. Something hits you but does no damage.
The gnoll hits you with a +0 flail. You block the gnoll's attack.
The gnoll hits you but does no damage. Something hits you but does no damage.
Your Axes skill increases to level 4!
You closely miss the gnoll. The gnoll hits you but does no damage.
You block the gnoll's attack. Something hits you.
The gnoll hits you with a +0 flail!
The gnoll hits you from afar with a +0 halberd!
You are too injured to fight recklessly!
You are too injured to fight recklessly!
You are too injured to fight recklessly!
You barely miss the gnoll. The gnoll hits you with a +0 flail.
Something hits you but does no damage.
The gnoll hits you but does no damage. x2
Something hits you.
* * * LOW HITPOINT WARNING * * *
You block the gnoll's attack. The gnoll barely misses you.
The gnoll completely misses you. Something hits you!
* * * LOW HITPOINT WARNING * * *
You see here a +0 dagger.
You barely miss the gnoll.
Your shield prevents you from hitting the gnoll.
You are no longer glowing.
You block the gnoll's attack. The gnoll hits you with a +0 halberd.
You block something's attack. The gnoll barely misses you.
The gnoll closely misses you.
You feel much better. You block the gnoll's attack.
Something hits you but does no damage. The gnoll hits you with a +0 halberd.
You block the gnoll's attack.
You barely miss the gnoll. You slash the gnoll!
You kill the gnoll!
Makhleb accepts your kill. Something hits you.
The gnoll hits you with a +0 halberd!
* * * LOW HITPOINT WARNING * * *
Something hits you.
* * * LOW HITPOINT WARNING * * *
You slash the gnoll! The gnoll hits you with a +0 halberd!
* * * LOW HITPOINT WARNING * * *
Something hits you!
You die...

* ..,..... , * *
#. #... ,
###.##..#* , # * ,
*#.......####.###
,
.##.......<.......
,*
.>..#.............
,
..................
,
........).........
, ,
......)@).........
, ,
..#..{.g..........
, ##..............
, ,
................
..#..#..........#
* ,
.......######...
** , ..###.. #.
..,,... ,, , , , ,
,


You could see a gnoll.

Vanquished Creatures
  A gnoll shaman (D:4)
  3 iron imps (D:3)
  3 gnolls
  3 adders
  2 dart slugs
  An orc (D:4)
  6 bats
  3 endoplasms
  5 goblins
  A hobgoblin (D:1)
  4 jackals
  3 quokkas
  6 ball pythons
  4 frilled lizards
  3 kobolds
  A rat (D:3)
49 creatures vanquished.

Notes
Turn   | Place    | Note
-------+----------+-------------------------------------------
     0 | D:1      | armax the Deep Dwarf Fighter began the quest for the Orb.
     0 | D:1      | Reached XP level 1. HP: 20/20 MP: 1/1
   209 | D:1      | Reached XP level 2. HP: 18/27 MP: 2/2
   412 | D:2      | Reached XP level 3. HP: 19/33 MP: 3/3
   653 | D:3      | Found a burning altar of Makhleb.
   682 | D:3      | Reached XP level 4. HP: 39/42 MP: 4/4
   688 | D:3      | Reached XP level 5. HP: 44/49 MP: 5/5
   696 | D:3      | Became a worshipper of Makhleb the Destroyer
  1094 | D:4      | Noticed Sigmund
  1102 | D:4      | Reached * piety under Makhleb
  1118 | D:4      | HP: 1/49 [gnoll/+0 halberd (8)]
  1118 | D:4      | Slain by Sigmund

Illustrated notes

Levels and vault maps discovered:
D:1:      nzn_arrival_crosshair, layout_loops_ring, hangedman_decor_points,
          chequers_big_river, serial_bayou_pond_a, minmay_heptomino_h4
D:2:      minmay_recursive_quarters, layout_basic, minmay_tree_intersection
D:3:      layout_basic, demons_altar
D:4:      layout_rooms, temple_pool_b, uniq_sigmund

Skill      XL: |  1  2  3  4  5 |
---------------+----------------+-----
Fighting       | 3 |  3.4
Axes           | 3 4 |  4.0
Shields        | 4 |  4.8
Armour         | 4 |  4.1
Invocations    | |  0.7

Action                   |  1- 3 |  4- 6 || total
-------------------------+-------+-------++-------
Melee: War axe           |    72 |    59 ||   131
 Abil: Heal Wounds       |     2 |     5 ||     7
  Use: Potion            |       |     1 ||     1
Armor: Scale mail        |    41 |    34 ||    75
Dodge: Dodged            |    23 |    23 ||    46
Block: Kite shield       |    42 |    52 ||    94

Table legend: (Time is in decaauts)
 A = Elapsed time spent in this place.
 B = Non-inter-level travel time spent in this place.
 C = Inter-level travel time spent in this place.
 D = Time resting spent in this place.
 E = Time spent auto-exploring this place.
 F = Levels seen in this place.
 G = Mean time per level.
                   A        B        C        D        E       F      G
               +--------+--------+--------+--------+--------+-----+--------+
         Total |   1189 |   1113 |     76 |      0 |    754 |   4 |  297.2 |
       Dungeon |   1189 |   1113 |     76 |      0 |    754 |   4 |  297.2 |
               +--------+--------+--------+--------+--------+-----+--------+

Top non-repeatable levels by time:
     D:3: 572 daAuts
     D:1: 296 daAuts
     D:2: 286 daAuts
     D:4: 34 daAuts
